 Dungeon Crawl Stone Soup version 0.25-a0-591-g2ad0d861f1 (webtiles) character file.

Game seed: 9733371837753800476, levelgen mode: deterministic

12 Eurus the Grasshopper (level 2, 0/22 HPs)
             Began as a Demonspawn Warper on Mar 14, 2020.
             Slain by a kobold
             ... wielding a +0 short sword
              (3 damage)
             ... on level 1 of the Dungeon.
             The game lasted 00:01:09 (739 turns).

Eurus the Grasshopper (Demonspawn Warper)            Turns: 739, Time: 00:01:10

Health: 0/22       AC:  3    Str: 11    XL:     2   Next: 20%
Magic:  5/5        EV: 12    Int: 14    God:
Gold:   11         SH:  0    Dex: 12    Spells: 5/5 levels left

rFire    . . .     SeeInvis .     - Unarmed
rCold    . . .     Gourm    .   (no shield)
rNeg     . . .     Faith    .   a - +0 leather armour
rPois    .         Spirit   .   (no helmet)
rElec    .         Reflect  .   (no cloak)
rCorr    .         Harm     .   (no gloves)
MR       .....                  (no boots)
Stlth    +.........             (no amulet)
HPRegen  0.07/turn              (no ring)
MPRegen  0.09/turn              (no ring)

@: no status effects
A: sturdy frame 1
a: no special abilities


You were on level 1 of the Dungeon.
You were not hungry.

You visited 1 branch of the dungeon, and saw 1 of its levels.

You collected 11 gold pieces.

Inventory:

Missiles
 d - 5 boomerangs of dispersal (quivered)
 e - 8 silver boomerangs
Armour
 a - a +0 leather armour (worn)
Jewellery
 h - a cursed -4 ring of slaying {unknown}
Scrolls
 b - a scroll of identify {unknown}
 c - a scroll of blinking
Comestibles
 f - 4 rations
 g - a chunk of flesh


   Skills:
 - Level 2.0 Fighting
 - Level 1.0 Throwing
 - Level 1.0 Armour
 - Level 2.0 Dodging
 + Level 2.1 Unarmed Combat
 + Level 2.2 Spellcasting
   Level 2.6 Translocations


You had 5 spell levels left.
You didn't know any spells.
Your spell library contained the following spells:

 Spells                   Type           Power        Failure   Level  Hunger
 Blink                    Tloc           N/A          12%         2    ###....
 Shroud of Golubria       Chrm/Tloc      #.....       22%         2    ###....
 Gell's Gravitas          Tloc           #.........   24%         3    ###....
 Lesser Beckoning         Tloc           #.........   24%         3    ###....
 Teleport Other           Tloc           #.......     24%         3    ###....
 Passage of Golubria      Tloc           N/A          63%         4    #####..


Dungeon Overview and Level Annotations

Branches:
Dungeon (1/15)

Altars:


Innate Abilities, Weirdness & Mutations

Your movements are slightly less encumbered by armour. (ER -2)


Message History

The kobold hits you with a +0 short sword.
You barely miss the giant cockroach.
The giant cockroach bites you but does no damage.
The kobold hits you with a +0 short sword.
You hit the giant cockroach.
The giant cockroach is heavily wounded.
The giant cockroach barely misses you.
The kobold hits you with a +0 short sword.
The giant cockroach bites you.
You hit the giant cockroach.
You kill the giant cockroach!
You closely miss the kobold.
The kobold hits you with a +0 short sword.
* * * LOW HITPOINT WARNING * * *
You closely miss the kobold.
The kobold hits you with a +0 short sword.
* * * LOW HITPOINT WARNING * * *
You barely miss the kobold.
The kobold hits you with a +0 short sword.
You die...

#...# #....># #...#
#.....#### ###### #...#
#......... #(...####...#
#......... #.#.........#
#........ #.#.........#
#........ #.#........##
#.......... #.###'####.#
#..........# #.# #.#..#@#
#........... #.#
#.#..#K#####...........
#####.#
#.#....................
#.....#
#.#..............##....
#.#####
#.#..............##..(. #.#
#####.#..............##.(..
#.###...#.#..............'..#
#...'...'.#...........(..##.#
#####...####..............#.#


You could see a kobold.

Vanquished Creatures
  3 dart slugs (D:1)
  A giant cockroach (D:1)
  A ball python (D:1)
  A frilled lizard (D:1)
  A kobold (D:1)
  A rat (D:1)
8 creatures vanquished.

Notes
Turn   | Place    | Note
-------+----------+-------------------------------------------
     0 | D:1      | Eurus the Demonspawn Warper began the quest for the Orb.
     0 | D:1      | Reached XP level 1. HP: 16/16 MP: 3/3
   214 | D:1      | Reached skill level 1 in Throwing
   214 | D:1      | Reached skill level 1 in Armour
   361 | D:1      | Gained mutation: Your movements are slightly less
                  | encumbered by armour. (ER -2) [demonic ancestry]
   361 | D:1      | Reached XP level 2. HP: 6/22 MP: 5/5
   739 | D:1      | Slain by a kobold

Levels and vault maps discovered:
D:1:      lemuel_arrival_funnel, layout_basic

Skill      XL: |  1 |
---------------+----+-----
Throwing       | 1 |  1.0
Armour         | 1 |  1.0
Dodging        | 2 |  2.0
Unarmed Combat | 2 |  2.1
Fighting       | |  2.0
Spellcasting   | |  2.2
Translocations | |  2.6

Action                   || total
-------------------------++-------
Melee: Unarmed           ||    45
 Stab: Sleeping          ||     1
Armor: Leather armour    ||     7
Dodge: Dodged            ||    15

Table legend:
 A = Non-vault XP
 B = Vault XP
 C = Vault XP percentage of total XP
 D = Non-vault monster count
 E = Vault monster count
 F = Vault count percentage of total count
                 A         B        C        D         E       F
            +---------+---------+-------+---------+---------+-------
      Total |      18 |       0 |   0.0 |       8 |       0 |   0.0
            +---------+---------+-------+---------+---------+-------
        D:1 |      18 |       0 |   0.0 |       8 |       0 |   0.0
            +---------+---------+-------+---------+---------+-------
